Map: 乌雷纳

Players

平步青云

  • Race: Terran Terran

电脑难度 (极难) - Winner!

  • Race: Terran Terran

VOD

Have the link to the VOD?

Description

Time

  • Played on: Jan. 1, 2016, 5:18 a.m.
  • Length: 19:24
Show
View Real Time Build Order
Export as new Build Order

平步青云 Terran 

Build Orders:  

Get SALT Encoding   

  12  0:01  SCV  
  13  0:13  SCV  
  14  0:20  Supply Depot  
  14  0:25  SCV  
  15  0:41  SCV  
  16  0:45  Barracks  
  16  0:53  SCV  
  17  0:57  Refinery  
  17  1:05  SCV  
  17  1:06  Barracks  
  18  1:17  SCV  
  19  1:18  Supply Depot  
  19  1:30  SCV  
  20  1:34  Marine  
  21  1:42  SCV  
  22  1:52  Marine  
  23  1:56  Barracks Reactor  
  23  1:57  Bunker  
  23  2:01  Orbital Command  
  23  2:10  Marine  
  24  2:18  Supply Depot  
  24  2:23  Refinery  
  24  2:27  Factory  
  24  2:29  Barracks Tech Lab  
  24  2:52  Engineering Bay  
  24  2:57  Supply Depot, Marine x2  
  26  3:00  Marine  
  27  3:07  Concussive Shells  
  27  3:11  Factory Tech Lab  
  27  3:15  Marine  
  28  3:20  Starport  
  28  3:26  Supply Depot  
  28  3:29  SCV  
  29  3:49  Sensor Tower  
  29  3:50  Marine  
  29  3:51  Marine x2  
  32  4:07  Starport Reactor  
  32  4:08  Marine x2  
  34  4:10  Hellion  
  34  4:14  Marine  
  37  4:25  Bunker  
  37  4:34  Siege Tank  
  37  4:37  Marine x2  
  37  4:38  Marine  
  43  4:59  Marine  
  44  5:13  Command Center  
  44  5:17  Marine  
  44  5:18  Medivac  
  47  5:21  Marine x2  
  49  5:40  Marine x3  
  52  5:47  Medivac  
  54  5:58  Marine x2  
  54  6:15  Supply Depot  
  54  6:20  Marine  
  54  6:24  Marine x2  
  57  6:32  SCV  
  58  6:37  Supply Depot  
  58  6:38  Marine  
  59  6:44  SCV  
  60  6:56  SCV  
  60  6:57  SCV  
  60  6:58  Marine x3  
  60  7:01  Supply Depot  
  67  7:02  Siege Tank  
  67  7:04  Medivac  
  67  7:08  SCV  
  71  7:09  SCV  
  72  7:15  Marine  
  72  7:20  SCV  
  72  7:21  SCV  
  75  7:23  Supply Depot  
  75  7:32  SCV  
  75  7:33  SCV  
  77  7:43  Marine x3  
  80  7:44  SCV  
  80  7:45  SCV, Siege Tank, Medivac  
  80  7:46  Supply Depot  
  87  8:01  Marine  
  87  8:05  Marine x2  
  90  8:09  Medivac  
  92  8:18  Marine  
  93  8:22  Marine  
  93  8:23  Marauder  
  96  8:36  Marine  
  96  8:40  Marine  
  97  8:44  Marauder  
  91  9:19  Marine  
  90  9:30  Siege Tank, Medivac  
  95  9:37  Marine  
  95  9:38  Barracks  
  96  9:41  Refinery  
  96  9:45  Refinery  
  95  10:05  SCV  
  96  10:18  SCV  
  96  10:19  Supply Depot  
  97  10:22  Siege Tank  
  100  10:28  Barracks Reactor  
  100  10:30  SCV  
  100  10:33  Barracks  
  101  10:42  Command Center, Supply Depot  
  101  10:44  Marine  
  101  10:47  Medivac  
  101  10:49  Medivac  
  106  10:54  Siege Tank  
  109  11:01  Marine  
  109  11:04  Sensor Tower  
  110  11:05  Supply Depot  
  110  11:18  Marine  
  110  11:19  Marine x2  
  110  11:21  Barracks  
  110  11:23  Barracks Reactor  
  113  11:27  Supply Depot, Siege Tank  
  113  11:28  Medivac  
  119  11:36  Marine x2  
  119  11:37  Marine  
  121  11:47  Planetary Fortress  
  121  11:50  Supply Depot  
  121  11:54  Marine  
  122  12:03  Sensor Tower  
  122  12:13  Supply Depot  
  122  12:37  Supply Depot  
  122  12:42  Marine x4  
  122  12:43  Marine  
  128  12:48  Barracks Reactor  
  128  12:50  Medivac x2  
  134  12:51  Siege Tank  
  134  12:59  Marine  
  135  13:13  Supply Depot  
  135  13:14  Marine x3  
  138  13:23  Siege Tank  
  141  14:03  Marine x7  
  141  14:05  Siege Tank  
  141  14:06  Medivac  
  141  14:07  Medivac  
  155  14:19  SCV  
  155  14:20  Marine  
  155  14:21  Marine x2  
  152  14:31  SCV  
  152  14:37  Siege Tank  
  153  14:43  Marine  
  153  14:44  SCV, Marine x5  
  160  14:47  Medivac x2  
  164  14:56  SCV  
  165  15:08  SCV  
  165  15:09  Siege Tank  
  165  15:12  Command Center  
  169  15:19  Refinery  
  169  15:20  SCV  
  170  15:21  Refinery  
  170  15:28  Supply Depot  
  170  15:32  SCV  
  171  15:50  Supply Depot  
  171  15:55  Sensor Tower, Marine x4  
  171  15:56  Marine x3  
  178  16:13  Supply Depot, Marine x3  
  118  16:48  Marine x4  
  122  17:24  SCV  
  123  17:33  SCV, Marine  
  123  17:34  Marine x6  
  123  17:36  SCV  
  132  17:38  Refinery  
  132  17:41  Refinery  
  132  17:45  SCV  
  134  17:51  Marine  
  134  17:52  Planetary Fortress  
  134  17:57  SCV  
  135  18:05  Marine x5  
  139  18:07  Siege Tank  
  139  18:09  SCV  
  144  18:21  SCV  
  144  18:24  Factory  
  145  18:30  SCV  
  146  18:36  Marine x3  
  146  18:37  Marine x4  
  146  18:39  Siege Tank  
  156  18:42  SCV  
  157  18:54  SCV  
Show
View Real Time Build Order
Export as new Build Order

电脑难度 (极难) Terran - Winner!

Build Orders: Mech 

Get SALT Encoding   

  12  0:00  SCV  
  13  0:13  SCV  
  14  0:20  Supply Depot  
  14  0:25  SCV  
  15  0:41  SCV  
  16  0:44  Barracks  
  16  0:54  SCV  
  17  1:06  SCV  
  18  1:17  Supply Depot  
  18  1:18  SCV  
  19  1:21  Refinery  
  19  1:30  SCV  
  19  1:32  Marine  
  21  1:42  SCV  
  22  1:48  Refinery  
  22  1:50  Marine  
  23  1:54  SCV  
  24  2:06  SCV  
  24  2:08  Marine  
  26  2:18  SCV  
  26  2:21  Factory  
  27  2:26  Marine  
  28  2:30  SCV  
  29  2:38  Factory  
  29  2:42  SCV  
  29  2:43  Marine  
  31  2:45  Supply Depot  
  31  2:55  Orbital Command  
  31  3:05  Factory Tech Lab  
  31  3:07  Marine  
  32  3:20  SCV  
  32  3:24  Command Center, Factory Tech Lab, Marine  
  34  3:33  SCV  
  35  3:45  SCV  
  36  3:57  SCV  
  36  4:02  Barracks  
  37  4:09  SCV  
  38  4:11  Supply Depot  
  38  4:21  SCV  
  39  4:33  SCV, Siege Tank x2  
  39  4:36  SCV, Supply Depot  
  39  4:37  Marine  
  48  4:45  SCV  
  49  4:48  SCV  
  49  4:50  Supply Depot  
  50  4:57  SCV  
  51  5:00  SCV  
  51  5:05  Siege Tank x2  
  58  5:09  SCV  
  58  5:12  SCV  
  58  5:13  Barracks Tech Lab  
  60  5:16  Factory  
  60  5:19  Marine  
  61  5:31  Marine  
  62  5:37  Siege Tank  
  62  5:38  Hellion  
  62  5:40  Supply Depot  
  67  5:47  Command Center  
  69  5:50  Marauder  
  69  5:59  Hellion  
  69  6:02  Hellion  
  73  6:06  Supply Depot  
  73  6:09  Siege Tank  
  78  6:11  Marauder  
  78  6:14  Infernal Pre-Igniter  
  78  6:20  Hellion  
  78  6:23  Hellion  
  82  6:30  Supply Depot  
  84  6:32  Marauder  
  84  6:40  Engineering Bay  
  84  6:42  Hellion  
  86  6:54  Marauder  
  88  6:58  Engineering Bay  
  88  7:00  SCV  
  89  7:06  Terran Infantry Weapons Level 1  
  89  7:24  Terran Infantry Armor Level 1  
  89  7:32  Refinery  
  89  7:35  Armory  
  89  7:37  Refinery  
  89  7:43  Command Center  
  89  7:59  SCV  
  89  8:00  SCV  
  89  8:02  SCV  
  87  8:12  SCV x2  
  84  8:14  SCV  
  82  8:22  Terran Vehicle Weapons Level 1  
  82  8:24  SCV x2  
  82  8:26  SCV  
  85  8:36  SCV x2  
  85  8:38  SCV  
  86  8:44  Hellion  
  86  8:48  SCV x2  
  87  8:54  Marauder  
  90  8:57  SCV  
  90  8:59  SCV  
  93  9:02  SCV  
  93  9:05  SCV  
  93  9:09  SCV  
  93  9:15  SCV  
  93  9:16  SCV  
  91  9:17  SCV  
  91  9:19  Hellion  
  91  9:20  Marine  
  91  9:21  SCV, Marine  
  84  9:27  SCV  
  84  9:30  SCV x2  
  85  9:33  SCV  
  85  9:38  Hellion, Marine x2  
  84  9:39  SCV  
  84  9:42  SCV x2  
  84  9:45  SCV  
  86  9:49  Hellion  
  86  9:51  SCV  
  83  9:54  SCV  
  83  9:56  SCV, Marine  
  83  9:57  Marine  
  83  9:59  SCV, Siege Tank  
  91  10:03  SCV  
  92  10:10  Siege Tank  
  92  10:12  Hellion  
  92  10:13  Marine  
  98  10:16  Marine  
  99  10:22  Terran Vehicle And Ship Armor Level 1  
  99  10:30  Armory, Orbital Command  
  99  10:31  Hellion, Marine  
  99  10:34  Marine  
  103  10:35  Missile Turret  
  103  10:38  Missile Turret  
  103  10:41  Missile Turret  
  103  10:42  Siege Tank  
  106  10:43  Missile Turret  
  106  10:49  Hellion  
  110  10:50  Marauder  
  110  10:53  Cyclone  
  113  10:58  Supply Depot  
  113  11:00  Orbital Command  
  113  11:04  Marine  
  113  11:10  Hellion, Marine  
  117  11:11  Stimpack  
  117  11:14  Widow Mine  
  117  11:15  Terran Infantry Weapons Level 2  
  119  11:24  Missile Turret  
  119  11:25  Cyclone  
  122  11:27  Planetary Fortress  
  122  11:28  Supply Depot  
  122  11:29  Marauder  
  122  11:31  Widow Mine  
  126  11:39  Starport  
  126  11:42  Widow Mine  
  128  11:49  Missile Turret  
  128  11:50  Marauder  
  128  11:52  Supply Depot  
  130  11:56  Widow Mine  
  130  12:01  Barracks  
  132  12:06  Command Center  
  132  12:15  Starport Tech Lab  
  132  12:22  Refinery  
  132  12:26  Refinery  
  132  12:33  Medivac  
  134  13:03  Raven  
  136  13:11  Hellion  
  136  13:12  Combat Shields, Supply Depot  
  138  13:15  Hellion  
  141  13:20  SCV x3, Terran Infantry Armor Level 2  
  141  13:21  SCV x2, Refinery  
  141  13:23  Missile Turret  
  141  13:24  Missile Turret  
  145  13:29  Missile Turret  
  145  13:31  Missile Turret  
  145  13:32  SCV, Refinery  
  145  13:33  Planetary Fortress  
  146  13:34  Terran Infantry Weapons Level 3  
  146  13:37  Command Center  
  146  13:50  Raven  
  146  13:52  Missile Turret  
  148  14:01  Marine  
  148  14:02  Marine  
  150  14:03  Marine  
  151  14:14  SCV  
  151  14:16  Liberator  
  151  14:19  Marine  
  151  14:20  Marine  
  151  14:21  Siege Tank, Marine  
  151  14:22  Supply Depot  
  160  14:24  SCV x2, Siege Tank  
  160  14:32  Hellion  
  160  14:36  Marine  
  164  14:38  Terran Vehicle Weapons Level 2  
  164  14:44  Marine  
  165  14:46  Supply Depot  
  165  14:59  Liberator  
  165  15:04  SCV  
  165  15:11  Supply Depot  
  168  15:22  Planetary Fortress, Refinery  
  168  15:30  Command Center  
  168  15:41  Missile Turret  
  168  15:45  Thor, Refinery  
  168  15:47  Missile Turret  
  168  15:49  Missile Turret  
  174  15:51  Barracks Reactor, Barracks  
  174  15:54  Barracks Tech Lab, Starport  
  174  15:55  Terran Vehicle And Ship Armor Level 2  
  174  15:56  Thor  
  180  15:58  Marauder  
  180  15:59  Viking  
  184  16:12  Marauder  
  184  16:15  Terran Infantry Armor Level 3  
  186  16:27  Marine  
  186  16:28  Siege Tank  
  186  16:29  Viking  
  186  16:30  Viking  
  186  16:32  Marine x2  
  166  16:33  Hellion, Marine  
  166  16:37  Marine  
  166  16:39  Siege Tank  
  158  16:42  Liberator  
  158  16:46  Marauder  
  142  16:50  Marine  
  142  16:51  Planetary Fortress, Marauder, Refinery, Marine  
  146  16:54  Hellion, Missile Turret  
  146  16:55  Marine  
  146  17:00  Siege Tank, Medivac  
  157  17:05  Command Center, Missile Turret  
  157  17:07  Marine  
  158  17:08  Marine  
  158  17:09  Missile Turret  
  158  17:11  Siege Tank  
  158  17:12  Marine  
  158  17:13  Liberator, Marine x2  
  165  17:16  Hellion, Refinery  
  167  17:24  Marine  
  167  17:25  Liberator  
  167  17:26  Factory  
  167  17:29  Missile Turret  
  168  17:31  Marine, Ghost Academy, Marauder  
  168  17:32  Cyclone  
  177  17:37  Hellion  
  182  17:47  Siege Tank  
  185  17:56  Liberator  
  185  18:00  Hi-Sec Auto Tracking  
  185  18:01  Ghost  
  185  18:02  Factory Tech Lab  
  185  18:05  Widow Mine  
  187  18:07  Liberator  
  192  18:26  Planetary Fortress  
  192  18:27  Refinery  
  195  18:36  Command Center, Missile Turret  
  195  18:40  Missile Turret  
  195  18:43  Missile Turret  
  195  18:45  Refinery  
  195  18:51  Fusion Core  
Tags
 
Composition
Mech
Matchup
TvT
Race
Terran
Replay Pack
中心协议 (3)
Add a new tag
Caveats
  • Supply blocks, unpowered buildings, or Contaminate may cause inaccurate times.
  • Supply counts are checked every 10 seconds.